 Dungeon Crawl Stone Soup version 0.29-a0-234-g0dae59b3db (webtiles) character file.

Game seed: 14219045034583844534

1119 spaghetti the Carver (level 8, -2/60 HPs)
             Began as a Demonspawn Hunter on Mar 3, 2022.
             Was an Initiate of Gozag.
             Slain by Duvessa
             ... wielding a +0 short sword
              (14 damage)
             ... on level 6 of the Dungeon.
             The game lasted 00:09:38 (6918 turns).

spaghetti the Carver (Demonspawn Hunter)            Turns: 6918, Time: 00:09:38

Health: -2/60      AC:  5    Str: 16    XL:     8   Next: 12%
Magic:  8/8        EV: 11    Int: 12    God:    Gozag
Gold:   241        SH:  0    Dex: 13    Spells: 7/7 levels left

rFire   . . .      SeeInvis .   a - +0 falchion (vorpal) {long}
rCold   . . .      Faith    .   (no shield)
rNeg    . . .      Spirit   .   l - +0 leather armour
rPois   .          Reflect  .   (no helmet)
rElec   .          Harm     .   (no cloak)
rCorr   .          Rampage  .   (no gloves)
Will    .....                   (no boots)
Stlth   +.........              (no amulet)
HPRegen 1.20/turn               (no ring)
MPRegen 0.11/turn               (no ring)

@: lit by a corona, gold aura, hasted, glowing, studying Long Blades, very quick
A: slimy green scales 1, powered by death 1, powered by pain 1, weakness stinger
1
a: Renounce Religion, Potion Petition, Call Merchant, Bribe Branch


You were on level 6 of the Dungeon.
You worshipped Gozag.
Gozag was aware of your devotion.
You visited 2 branches of the dungeon, and saw 7 of its levels.

You collected 410 gold pieces.
You spent 75 gold pieces at shops.
You paid 94 gold pieces to Gozag.


Innate Abilities, Weirdness & Mutations

You are partially covered in slimy green scales. (AC +2)
You regenerate a little health from kills.
You sometimes gain a little power by taking damage.
You have a small tail.


   Skills:
 - Level 3.8 Fighting
 + Level 11.5 Long Blades
 - Level 3.6 Bows
 - Level 1.7 Dodging
 - Level 0.8 Stealth


You had 7 spell levels left.
You didn't know any spells.
Your spell library contained the following spells:

 Spells                   Type           Power      Damage    Failure   Level
 Beastly Appendage        Tmut           0%         N/A       38%         1
 Corpse Rot               Necr/Air       0%         N/A       52%         2
 Poisonous Vapours        Pois/Air       0%         N/A       52%         2
 Wereblood                Tmut           0%         N/A       52%         2
 Spider Form              Tmut/Pois      0%         N/A       77%         3

Inventory:

Hand Weapons
 a - a +0 vorpal falchion (weapon) {long}
   (You found it on level 2 of the Dungeon)
 b - a +2 hunting sling of freezing {sling}
   (You found it on level 3 of the Dungeon)
 t - a +1 shortbow {bow}
Missiles
 c - 189 stones {throwing}
 m - 9 poisoned darts {throwing}
Armour
 i - a +1 tower shield of reflection
   (You found it on level 1 of the Dungeon)
 l - a +0 leather armour (worn)
Magical Staves
 w - a staff of earth {!astaff}
   (You found it on level 4 of the Dungeon)
Jewellery
 q - a ring of positive energy
   (You found it on level 3 of the Dungeon)
Wands
 k - a wand of iceblast (12)
   (You found it on level 2 of the Dungeon)
 s - a wand of paralysis (2)
   (You found it on level 3 of the Dungeon)
Scrolls
 d - a scroll of immolation {!r!r}
 e - a scroll of identify {@r1}
 f - a scroll of fog
 v - a scroll of enchant weapon
Potions
 h - a potion of flight
 p - 2 potions of curing {@q1}
 r - a potion of haste {@q3}

Dungeon Overview and Level Annotations

Branches:
Dungeon (6/15)             Temple (1/1) D:5

Altars:
Ashenzari
Cheibriados
Dithmenos
Elyvilon
Fedhas
Gozag
Hepliaklqana
Kikubaaqudgha
Makhleb
Nemelex Xobeh
Okawaru
Qazlal
Ru
Sif Muna
Trog
Uskayaw
Vehumet
Wu Jian
Yredelemnul
Zin
The Shining One

Shops:
D:1 (   D:4 ?   D:5 (

Annotations:
D:6 Duvessa

####### ####.........
......### #$.....8.8.)..
........ #.#...........
......#####....8.....8..
<...[......._..........#
......#####....8.....8.#
......##..#.#...co.....#
......##..#....he8.8...#
##....##..####..@......#
##.##.....#...........##
.#.##.#...............#
....#.#...#...........#
............##.....####
.........#...#.###..#
.......#...#...# #...
.......#....#... ...
..........#.....


You could see Duvessa (berserk), a centaur (ally target), a friendly hound
(summoned) and a friendly orc wizard (summoned, invisible).


Message History

Your orc barely misses Dowan.
Duvessa hits you with a +0 short sword!
* * * LOW HITPOINT WARNING * * *
😱 HP[-13]
You take 13 damage, and now have 12/60 hp.
MASSIVE DAMAGE!! (PAUSE)
You feel much better.
Your hound bites Dowan but does no damage.
The centaur barely misses you. The centaur kicks you.
Dowan says, "Magic and the sword, together, will defeat you."
Dowan casts a spell at you.
You are outlined in light.
Your hound barely misses Dowan.
Your orc closely misses Dowan.
Duvessa hits you with a +0 short sword.
* * * LOW HITPOINT WARNING * * *
The centaur hits you.
* * * LOW HITPOINT WARNING * * *
The centaur kicks you but does no damage. 😨 HP[+15]
You regained 15 hp, and now have 27/60 hp.
Unknown command.
You feel yourself speed up.
Your orc wizard casts a spell at Dowan.
Dowan resists with some effort.
Your hound misses Dowan. The centaur hits you.
* * * LOW HITPOINT WARNING * * *
The centaur kicks you but does no damage.
Duvessa hits you with a +0 short sword.
* * * LOW HITPOINT WARNING * * *
😨 HP[-7]
You take 7 damage, and now have 20/60 hp.
Unknown command.
You closely miss Dowan. The centaur hits you.
* * * LOW HITPOINT WARNING * * *
The centaur barely misses you. Dowan barely misses you. 😨 HP[-1]
You take 1 damage, and now have 19/60 hp.
You miss Dowan. Your punch misses Dowan.
The centaur hits you but does no damage.
The centaur kicks you.
* * * LOW HITPOINT WARNING * * *
Duvessa hits you with a +0 short sword.
* * * LOW HITPOINT WARNING * * *
Your orc hits Dowan with a +2 mace of protection! 😱 HP[-5]
You take 5 damage, and now have 14/60 hp.
Okay, then.
Okay, then.
You feel better.
Your hound bites Dowan.
Dowan dies!
Duvessa weeps, and shakes her weapon.
Duvessa goes berserk!
Your orc wizard points at the centaur and mumbles some strange words.
The puff of flame hits the centaur!
The centaur hits you but does no damage.
The centaur kicks you but does no damage. 😨 HP[+6]
You regained 6 hp, and now have 20/60 hp.
You swap places.
Duvessa rages.
Your orc hits Duvessa but does no damage.
Your hound barely misses the centaur.
The centaur barely misses your hound. The centaur kicks your hound.
Duvessa hits you with a +0 short sword.
* * * LOW HITPOINT WARNING * * *
😨 HP[-1]
You take 1 damage, and now have 19/60 hp.
Okay, then.
Aiming: Paralyse
Press: ? - help, Shift-Dir - straight line, f - Duvessa
Aim: Duvessa, wielding a +0 short sword and wearing a +0 leather armour (heavily wounded, berserk, chance to affect: 31%)
Okay, then.
You hit Duvessa but do no damage.
Your hound bites the centaur.
The centaur closely misses your hound.
The centaur kicks your hound but does no damage.
Your orc hits Duvessa with a +2 mace of protection. 😨 HP[+1]
You hit Duvessa.
You tail-slap Duvessa, but do no damage.
Duvessa hits you with a +0 short sword!
* * * LOW HITPOINT WARNING * * *
Your orc wizard hits the centaur but does no damage. 😱 HP[-10]
You take 10 damage, and now have 10/60 hp.
You hit Duvessa.
You tail-slap Duvessa, but do no damage.
Your hound bites the centaur but does no damage.
The centaur barely misses your hound. The centaur kicks your hound.
Duvessa barely misses you.
You closely miss Duvessa.
Your orc dissolves into shadows!
Your hound bites the centaur.
Your orc wizard hits the centaur but does no damage. 😱 HP[+1]
You hit Duvessa. The centaur hits your hound.
The centaur kicks your hound but does no damage.
Duvessa misses you.
Your hound bites the centaur.
You hit Duvessa but do no damage.
You tail-slap Duvessa, but do no damage.
The centaur closely misses your hound. The centaur kicks your hound.
Your orc wizard barely misses the centaur.
Duvessa hits you with a +0 short sword!
You die...
Your body crumbles into a pile of gold.

Skill      XL: |  1  2  3  4  5  6  7 |
---------------+----------------------+-----
Fighting       | 3 |  3.8
Long Blades    | 2 4 7 8 11 | 11.5
Bows           | |  3.6
Dodging        | |  1.7
Stealth        | |  0.8

Action                   |  1- 3 |  4- 6 |  7- 9 || total
-------------------------+-------+-------+-------++-------
Melee: Unarmed           |     4 |       |       ||     4
       Falchion          |    30 |   100 |   121 ||   251
       Punch             |       |       |     2 ||     2
       Tailslap          |       |       |     4 ||     4
 Fire: Shortbow          |    83 |     7 |       ||    90
       Hunting sling     |       |    41 |       ||    41
Evoke: Wand              |       |     2 |     4 ||     6
  Use: Scroll            |     5 |     2 |     2 ||     9
       Potion            |     1 |     7 |     6 ||    14
 Stab: Sleeping          |       |     3 |       ||     3
       Paralysed         |       |     3 |     4 ||     7
Armor: Leather armour    |    13 |    59 |    39 ||   111
       Skin              |       |    10 |       ||    10
Dodge: Dodged            |    41 |   122 |    69 ||   232

Levels and vault maps discovered:
D:1:      lightli_arrival_farm, layout_basic, serial_shops, shop, minmay_3d_cube
D:2:      layout_basic
D:3:      layout_basic, portal_sewer_entry_d, kennysheep_generic_room_15
D:4:      layout_rooms, kennysheep_vampire_church, serial_shops,
          kennysheep_little_box, uniq_eustachio
D:5:      layout_gridville, lemuel_coloured_pillars_altar, marbit_many_paths,
          gammafunk_temple_overflow_claw, minmay_temple_entry_stoned_glass,
          serial_shops, nicolae_stop_n_shop_2, grunt_ministairs_5,
          saegor_snake_ambush
D:6:      layout_rooms, nicolae_uskayaw_dance_hall, chequers_garden,
          uniq_duvessa, uniq_edmund
Temple:   eino_temple_water

Notes
Turn   | Place    | Note
-------+----------+-------------------------------------------
     0 | D:1      | spaghetti the Demonspawn Hunter began the quest for the
                  | Orb.
     0 | D:1      | Reached XP level 1. HP: 16/16 MP: 1/1
     0 | D:1      | magus.rc [v1.9.6]
   160 | D:1      | You pick up a book of Changes and begin reading...
   160 | D:1      | You add the spells Beastly Appendage, Wereblood and Spider
                  | Form to your library.
   321 | D:1      | Gained mutation: You are partially covered in slimy green
                  | scales. (AC +2) [demonic ancestry]
   321 | D:1      | Reached XP level 2. HP: 23/23 MP: 2/2
   358 | D:1      | Found Otsogamm's Weapon Emporium.
   438 | D:1      | Reached skill level 3 in Fighting
  1021 | D:2      | Reached XP level 3. HP: 14/29 MP: 3/3
  1248 | D:2      | You pick up a book of Vapours and begin reading...
  1248 | D:2      | You add the spells Poisonous Vapours and Corpse Rot to your
                  | library.
  1987 | D:3      | Identified a scroll of acquirement
  1987 | D:3      | Acquired a manual of Long Blades
  2012 | D:3      | HP: 6/30 [adder (4)]
  2024 | D:3      | HP: 7/30 [adder (2)]
  2026 | D:3      | Reached skill level 1 in Long Blades
  2391 | D:3      | Reached skill level 2 in Long Blades
  2482 | D:3      | Reached XP level 4. HP: 25/37 MP: 4/4
  2881 | D:3      | Reached skill level 3 in Long Blades
  3455 | D:4      | Found Ducoebb's Magic Scroll Shoppe.
  3460 | D:4      | Bought a scroll of enchant weapon for 75 gold pieces
  3508 | D:4      | Noticed an ogre
  4013 | D:4      | Reached skill level 4 in Long Blades
  4028 | D:4      | Found an ancient bone altar of Kikubaaqudgha.
  4038 | D:4      | Gained mutation: You regenerate a little health from kills.
                  | [demonic ancestry]
  4038 | D:4      | Reached XP level 5. HP: 39/42 MP: 5/5
  4052 | D:4      | Reached skill level 5 in Long Blades
  4118 | D:4      | Noticed Eustachio
  4143 | D:4      | HP: 5/42 [white imp/puff of frost[Eustachio] (13)]
  4153 | D:4      | HP: 10/63 [Eustachio/+0 falchion (8)]
  4154 | D:4      | Killed Eustachio
  4155 | D:4      | Reached skill level 7 in Long Blades
  4155 | D:4      | Reached XP level 6. HP: 7/48 MP: 6/6
  4700 | D:5      | Entered Level 5 of the Dungeon
  4765 | D:5      | Reached skill level 8 in Long Blades
  4922 | D:5      | Gained mutation: You sometimes gain a little power by
                  | taking damage. [demonic ancestry]
  4922 | D:5      | Reached XP level 7. HP: 28/53 MP: 7/7
  5127 | D:5      | Found Moshracw's Weapon Shop.
  5169 | D:5      | Found a staircase to the Ecumenical Temple.
  5191 | Temple   | Entered the Ecumenical Temple
  5470 | Temple   | Became a worshipper of Gozag Ym Sagoz the Greedy
  5586 | D:5      | Reached skill level 9 in Long Blades
  5675 | D:5      | Reached skill level 10 in Long Blades
  6011 | D:5      | Found a stormy altar of Qazlal.
  6011 | D:5      | Found an ornate altar of the Wu Jian Council.
  6011 | D:5      | Found an iron altar of Okawaru.
  6422 | D:5      | Found a bloodstained altar of Trog.
  6523 | D:5      | Found a snail-covered altar of Cheibriados.
  6661 | D:6      | Noticed Edmund
  6707 | D:6      | Killed Edmund
  6708 | D:6      | Reached skill level 11 in Long Blades
  6708 | D:6      | Gained mutation: You have a small tail. [demonic ancestry]
  6708 | D:6      | Reached XP level 8. HP: 27/60 MP: 1/8
  6892 | D:6      | Noticed Dowan
  6893 | D:6      | Noticed Duvessa
  6896 | D:6      | Found a hide-covered altar of Uskayaw.
  6906 | D:6      | HP: 12/60 [Duvessa/+0 short sword (12)]
  6911 | D:6      | Killed Dowan
  6914 | D:6      | HP: 10/60 [Duvessa/+0 short sword (11)]
  6918 | D:6      | Slain by Duvessa

Vanquished Creatures
  Eustachio (D:4)
  Edmund (D:6)
  2 sky beasts
  A black bear (D:5)
  An ogre (D:4)
  2 vampire bats (D:4)
  3 hounds (D:5)
  3 iguanas (D:5)
  6 adders
  A white imp (D:5)
  3 worms
  2 dart slugs
  4 orcs
  8 ball pythons
  3 bat skeletons (D:4)
  3 bat zombies (D:4)
  11 endoplasms
  2 giant cockroaches
  4 goblins
  5 hobgoblins
  2 jackals
  4 quokkas
  9 bats
  4 frilled lizards
  4 kobolds
  4 rats
93 creatures vanquished.

Vanquished Creatures (collateral kills)
  A scorpion (D:5)
  Dowan (D:6)
2 creatures vanquished.

Grand Total: 95 creatures vanquished

Table legend:
 A = Non-vault XP
 B = Vault XP
 C = Vault XP percentage of total XP
 D = Non-vault monster count
 E = Vault monster count
 F = Vault count percentage of total count
                 A         B        C        D         E       F
            +---------+---------+-------+---------+---------+-------
      Total |     968 |     631 |  39.5 |      75 |      20 |  21.1
            +---------+---------+-------+---------+---------+-------
        D:1 |      23 |       5 |  17.9 |      15 |       3 |  16.7
        D:2 |      31 |       0 |   0.0 |      12 |       0 |   0.0
        D:3 |      69 |      17 |  19.8 |      27 |       3 |  10.0
        D:4 |     142 |     326 |  69.7 |       6 |       9 |  60.0
        D:5 |     581 |      50 |   7.9 |      14 |       3 |  17.6
        D:6 |     122 |     233 |  65.6 |       1 |       2 |  66.7
            +---------+---------+-------+---------+---------+-------

Illustrated notes

Table legend:
 A = Kills in this place as a percentage of kills in entire the game.
 B = Kills by you in this place as a percentage of kills by you in the entire game.
 C = Kills by friends in this place as a percentage of kills by friends in the entire game.
 D = Other kills in this place as a percentage of other kills in the entire game.
 E = Experience gained in this place as a percentage of experience gained in the entire game.
 F = Experience gained in this place divided by the number of levels of this place that you have seen.
                   A       B       C       D       E      F
               +-------+-------+-------+-------+-------+----------------------
         Total | 100.0 | 100.0 | 100.0 |   N/A | 100.0 | 228.4
       Dungeon | 100.0 | 100.0 | 100.0 |   N/A | 100.0 | 266.5
               +-------+-------+-------+-------+-------+----------------------

Table legend: (Time is in decaauts)
 A = Elapsed time spent in this place.
 B = Non-inter-level travel time spent in this place.
 C = Inter-level travel time spent in this place.
 D = Time resting spent in this place.
 E = Time spent auto-exploring this place.
 F = Levels seen in this place.
 G = Mean time per level.
                   A        B        C        D        E       F      G
               +--------+--------+--------+--------+--------+-----+--------+
         Total |   6981 |   6750 |    231 |   1820 |   4126 |   7 |  997.3 |
       Dungeon |   6684 |   6497 |    187 |   1820 |   3886 |   6 | 1114.0 |
        Temple |    296 |    252 |     44 |      0 |    240 |   1 |  296.0 |
               +--------+--------+--------+--------+--------+-----+--------+

Top non-repeatable levels by time:
     D:3: 1751 daAuts
     D:5: 1621 daAuts
     D:4: 1034 daAuts
     D:1: 1004 daAuts
     D:2: 997 daAuts
  Temple: 296 daAuts
     D:6: 274 daAuts
